 Dungeon Crawl Stone Soup version 0.28.0-53-g5a82cb258f (webtiles) character file.

Game seed: 8369115281907848447

37973 wingedge the Envoy of Void (level 13, -9/98 (104) HPs)
             Began as a Demonspawn Abyssal Knight on June 7, 2022.
             Was a High Priest of Lugonu.
             Mangled by a chaos spawn (11 damage)
             ... summoned by an orc sorcerer
             ... while paralysed by an orc sorcerer
             ... on level 2 of the Orcish Mines.
             The game lasted 01:28:59 (15450 turns).

wingedge the Envoy of Void (DsAK)                  Turns: 15450, Time: 01:29:00

HP:   -9/98 (104)   AC: 16    Str: 23    XL:     13   Next: 61%
MP:   22/22         EV:  2    Int: 12    God:    Lugonu [*****.]
Gold: 1981          SH:  0    Dex: 19    Spells: 12/12 levels left

rFire   . . .      SeeInvis .   a - +5 great sword
rCold   . . .      Faith    .   (shield currently unavailable)
rNeg    + . .      Spirit   .   B - +2 leather armour of Ru's Supremacy {+Inv rN+ Str+4 Slay+3}
rPois   +          Reflect  .   S - +0 helmet of the Orange {-Cast +Blink rElec Dex+2}
rElec   +          Harm     .   p - +1 cloak
rCorr   .          Rampage  .   v - +1 pair of gloves
Will    .....      NoCast   +   (no boots)
Stlth   ++........              Q - amulet "Huanoatt" {Fragile rElec Regen+ Dex+4}
HPRegen 2.06/turn               N - ring of poison resistance
MPRegen 0.18/turn               m - +4 ring of protection

@: paralysed, drained
A: hooves 2, foul stench 2, powered by death 3, sturdy frame 2
a: Renounce Religion, Evoke Blink, Evoke Invisibility, Depart the Abyss, Bend
Space, Banish, Corrupt, Enter the Abyss


You were on level 2 of the Orcish Mines.
You worshipped Lugonu.
Lugonu was extremely pleased with you.
You visited 3 branches of the dungeon, and saw 20 of its levels.
You visited the Abyss 1 time.
You also visited: Bailey.

You collected 2343 gold pieces.
You spent 362 gold pieces at shops.

Inventory:

Hand Weapons
 a - a +5 great sword (weapon)
 b - the +6 arbalest "Damnation" {damnation}
   (You found it on level 8 of the Dungeon)

   Any ammunition fired from it explodes in a burst of damnation on striking a
   foe, dealing damage which bypasses armour.
Missiles
 e - 2 bolts
Armour
 l - a +2 kite shield
 p - a +1 cloak (worn)
 r - a +2 troll leather armour {Snorg}
 v - a +1 pair of gloves (worn)
 B - the +2 leather armour of Ru's Supremacy (worn) {+Inv rN+ Str+4 Slay+3}
   (You found it on level 6 of the Dungeon)

   Str:       It affects your strength (+4).
   Slay:      It affects your accuracy & damage with ranged weapons and melee
   (+3).
   rN:        It protects you from negative energy.
   +Inv:      It lets you turn invisible.
 C - a +0 plate armour
 J - an orb of mayhem
 S - the +0 helmet of the Orange (worn) {-Cast +Blink rElec Dex+2}
   (You acquired it in a bailey)

   Dex:       It affects your dexterity (+2).
   rElec:     It insulates you from electricity.
   +Blink:    It lets you blink.
   -Cast:     It prevents spellcasting.
Jewellery
 m - a +4 ring of protection (right hand)
 y - a ring of magical power
 z - an amulet of reflection
 N - a ring of poison resistance (left hand)
 Q - the amulet "Huanoatt" (around neck) {Fragile rElec Regen+ Dex+4}
   (You found it in a bailey)

   [amulet of regeneration]

   Dex:       It affects your dexterity (+4).
   rElec:     It insulates you from electricity.
   Regen:     It increases your rate of health regeneration.
   Fragile:   It will be destroyed if unequipped.
Wands
 c - a wand of mindburst (14)
 j - a wand of charming (9)
 n - a wand of flame (19)
 A - a wand of acid (6)
 W - a wand of paralysis (15)
Scrolls
 f - a scroll of summoning
 g - 3 scrolls of immolation
 s - a scroll of blinking
 D - a scroll of magic mapping {unknown}
 K - a scroll of teleportation
 O - 3 scrolls of amnesia
 U - a scroll of fear {unknown}
 X - a scroll of torment {unknown}
 Z - a scroll of fog
Potions
 d - 6 potions of curing
 h - a potion of attraction {unknown}
 i - a potion of resistance
 k - 4 potions of heal wounds
 q - 2 potions of berserk rage
 t - a potion of brilliance {unknown}
 w - a potion of cancellation {unknown}
 x - 3 potions of ambrosia
 E - a potion of invisibility {unknown}
 I - 2 potions of haste {unknown}
 L - 4 potions of magic
 P - 2 potions of lignification {unknown}
 T - a potion of mutation {unknown}
Miscellaneous
 o - a piece from Xom's chessboard (15/15)


   Skills:
 + Level 10.5 Fighting
 - Level 7.2(9.4) Short Blades
 + Level 9.4(10.4) Long Blades
 - Level 2.0 Maces & Flails
 - Level 10.0 Crossbows
 - Level 8.0 Armour
 + Level 5.8 Dodging
 - Level 12.0 Invocations


You had 12 spell levels left.
You didn't know any spells.
Your spell library contained the following spells:

 Spells                   Type           Power      Damage    Failure   Level
 Slow                     Hex            0%         N/A       32%         1
 Confusing Touch          Hex            0%         N/A       69%         3
 Gell's Gravitas          Tloc           0%         N/A       69%         3
 Ozocubu's Armour         Ice            0%         N/A       69%         3
 Teleport Other           Tloc           0%         N/A       69%         3
 Vampiric Draining        Necr           0%         2d6       69%         3
 Alistair's Intoxication  Tmut/Pois      0%         N/A       100%        5
 Borgnjor's Vile Clutch   Necr/Erth      0%         N/A       100%        5
 Dispersal                Tloc           0%         N/A       100%        6
 Eringya's Noxious Bog    Tmut/Pois      0%         N/A       100%        6
 Ozocubu's Refrigeration  Ice            0%         4d5       100%        7


Dungeon Overview and Level Annotations

Branches:
Dungeon (12/15)            Temple (0/1) D:4            Lair (6/6) D:9
 Shoals (0/4) Lair:2        Snake (0/4) Lair:4        Slime (0/5) Lair:5
    Orc (2/2) D:9             Elf (0/3) Orc:2        Bailey (visited)

Altars:
Dithmenos
Elyvilon
Fedhas
Gozag
Kikubaaqudgha
Makhleb
Nemelex Xobeh
Sif Muna
Trog
Uskayaw
Vehumet
Yredelemnul
Jiyva

Shops:
D:5 *   D:8 =

Annotations:
D:8 corrupted
Lair:1 corrupted
Abyss:1 Sonja


Innate Abilities, Weirdness & Mutations

You have hoof-like feet.
You sometimes emit foul miasma when damaged in melee.
You regenerate a lot of health from kills.
Your movements are less encumbered by armour. (ER -4)


Message History

Something hits you but does no damage.
You completely miss the orc sorcerer. Your kick misses the orc sorcerer.
The orc sorcerer is severely wounded.
Something hits you.
The orc sorcerer points at you and mumbles some strange words.
The bolt of negative energy hits you! You partially resist.
You feel drained.
The bolt of negative energy hits something!!
Reactivating autopickup.
You feel a bit more experienced.
The ice devil hits you but does no damage.
The orange demon stings you but does no damage.
The chaos spawn barely misses you. Something hits you but does no damage.
Deactivating autopickup; reactivate with Ctrl-A.
The orc sorcerer gestures at you while chanting.
You suddenly lose the ability to move!
The ice devil hits you but does no damage.
The orange demon stings you from afar.
The chaos spawn gores you but does no damage.
You hear some strange, mumbled words.
A puff of flame appears from out of thin air!
The puff of flame hits you but does no damage.
The orc sorcerer gestures at you while chanting.
The bolt of fire hits you!! The ice devil hits you. The ice devil freezes you!
* * * LOW HITPOINT WARNING * * *
The orange demon stings you but does no damage.
The chaos spawn hits you but does no damage.
Something hits you but does no damage.
The orc sorcerer points at you and mumbles some strange words.
The bolt of negative energy hits you! You partially resist.
You feel drained.
* * * LOW HITPOINT WARNING * * *
The orc priest invokes the aid of Beogh against you.
Beogh smites you!
* * * LOW HITPOINT WARNING * * *
The ice devil completely misses you.
The orange demon stings you but does no damage.
The chaos spawn hits you!
* * * LOW HITPOINT WARNING * * *
The chaos spawn freezes you!
You die...

................<................
...............[[..............#.
...............)...............##
................[................
#........[[......................
#........[[......................
##..#...........)..#.............
#...#...#......☼{...............
##.#....###..4.@..#.........#...
####....##...4o4#......).).....
###.####...o........[)).....
##.................)#.....
.................).....^
.######...######.......# ## .....
##...#.## ...... ##...#.. ..#...


You could see an orange demon (summoned), an ice devil (summoned), a chaos spawn
(summoned), an orc sorcerer and an orc priest.

Vanquished Creatures
  An orc warlord (Bailey)
  Nessos (Lair:4)
  An ettin (Orc:2)
  Snorg (Lair:5)
  Josephine (Lair:5)
  Harold (D:7)
  2 hydras
  A catoblepas (Lair:6)
  A two-headed ogre (D:5)
  Erica (D:8)
  The ghost of dolemite99 the Orthodox, a novice DrEE of Zin (D:9)
  A lindwurm (Lair:6)
  Pikel (D:5)
  An orc knight (Bailey)
  A manticore (D:9)
  5 orc sorcerers
  Maurice (D:10)
  4 elephants (Lair:5)
  8 black mambas
  2 kobold demonologists (D:9)
  2 komodo dragons (Lair:2)
  10 cane toads
  2 rime drakes
  2 trolls
  2 polar bears
  3 hornets
  13 blink frogs
  A shadow (D:10)
  5 wraiths (Lair:5)
  4 wyverns
  17 yaks
  A vampire (D:9)
  A basilisk (Lair:5)
  Grum (D:8)
  4 steam dragons
  Menkaure (D:5)
  A naga (Lair:4)
  Edmund (D:5)
  13 water moccasins
  2 sky beasts
  A black bear (Lair:6)
  13 orc warriors
  3 ogres
  2 centaurs
  8 wolves
  2 lemures (D:5)
  6 kobold brigands
  9 bullfrogs
  3 scorpions
  A wyvern zombie (D:6)
  4 gnoll sergeants
  2 water moccasin skeletons
  7 killer bees
  9 wights
  2 electric eels (Lair:2)
  A howler monkey (D:7)
  3 centaur zombies
  4 hounds
  2 jellies
  7 orc priests
  A gnoll shaman (D:8)
  A bullfrog skeleton (D:6)
  3 centaur skeletons
  An iguana (D:7)
  Natasha (thrice) (D:2)
  19 orc wizards
  A hound skeleton (D:4)
  A howler monkey zombie (D:8)
  23 gnolls
  5 adders
  A shadow imp (D:8)
  4 white imps
  An ufetubus (D:7)
  A worm (D:4)
  2 dart slugs
  45 orcs
  5 ball pythons
  6 endoplasms
  2 giant cockroaches
  10 goblins
  5 hobgoblins
  6 jackals
  31 kobolds
  A quokka (D:4)
  8 bats
  10 rats
407 creatures vanquished.

Vanquished Creatures (others)
  A two-headed ogre (D:8)
  A cane toad (Lair:1)
  4 yaks
  A basilisk (Lair:1)
  A steam dragon (D:8)
  A water moccasin (Lair:1)
  A sky beast (D:8)
  An orc priest (Orc:2)
  2 orc wizards
  3 kobolds (D:7)
  20 fungi
  31 plants
  2 starspawn tentacles (D:8)
69 creatures vanquished.

Grand Total: 476 creatures vanquished

Notes
Turn   | Place    | Note
-------+----------+-------------------------------------------
     0 | Abyss:1  | wingedge the Demonspawn Abyssal Knight began the quest for
                  | the Orb.
     0 | Abyss:1  | Reached XP level 1. HP: 18/18 MP: 2/2
     9 | D:1      | Escaped the Abyss
    45 | D:1      | Reached skill level 1 in Dodging
   415 | D:1      | Gained mutation: You regenerate a little health from kills.
                  | [demonic ancestry]
   415 | D:1      | Reached XP level 2. HP: 24/24 MP: 4/4
   477 | D:1      | Reached skill level 3 in Invocations
   739 | D:1      | Found a faded altar of an unknown god.
   940 | D:1      | Reached skill level 1 in Maces & Flails
  1106 | D:1      | Gained mutation: You may rarely emit foul miasma when
                  | damaged in melee. [demonic ancestry]
  1106 | D:1      | Reached XP level 3. HP: 24/29 MP: 5/5
  1374 | D:2      | Reached ** piety under Lugonu
  1494 | D:2      | Identified the +6 short sword of Salt {speed, rC+}
  1616 | D:2      | Identified the +5 whip "Imp's Nightmare" {flame, rElec
                  | Dex+3}
  1686 | D:2      | Reached skill level 1 in Short Blades
  1750 | D:2      | Gained mutation: You regenerate health from kills. [demonic
                  | ancestry]
  1750 | D:2      | Reached XP level 4. HP: 30/35 MP: 6/6
  1811 | D:2      | Noticed Natasha
  1817 | D:2      | Killed Natasha
  1932 | D:2      | Noticed Natasha
  1937 | D:2      | Killed Natasha
  1988 | D:2      | Noticed Natasha
  1994 | D:2      | Killed Natasha
  1995 | D:2      | Gained mutation: You have large cloven feet. [demonic
                  | ancestry]
  1995 | D:2      | Reached XP level 5. HP: 36/41 MP: 7/7
  2752 | D:4      | Identified the +2 dagger of Equivalence {flame, Will+ Int+2
                  | Dex-3}
  2869 | D:4      | Reached XP level 6. HP: 32/47 MP: 8/8
  2929 | D:4      | Reached *** piety under Lugonu
  3159 | D:4      | Found a staircase to the Ecumenical Temple.
  3448 | D:5      | Entered Level 5 of the Dungeon
  3522 | D:5      | Noticed a two-headed ogre
  3704 | D:5      | HP: 1/48 [two-headed ogre/+0 giant spiked club (17)]
  3705 | D:5      | Killed a two-headed ogre
  3706 | D:5      | Reached skill level 5 in Fighting
  3706 | D:5      | Reached XP level 7. HP: 2/56 MP: 9/9
  4101 | D:5      | Noticed Edmund
  4113 | D:5      | Killed Edmund
  4114 | D:5      | Gained mutation: You sometimes emit foul miasma when
                  | damaged in melee. [demonic ancestry]
  4114 | D:5      | Reached XP level 8. HP: 59/63 MP: 10/10
  4139 | D:5      | Identified the +3 rapier of Hepliaklqana's Reproof {pain,
                  | Will+}
  4259 | D:5      | Found Qownorem's Lightly-Used Armoury.
  4262 | D:5      | Bought a -3 triple sword for 1 gold piece
  4262 | D:5      | Bought a -1 longbow for 1 gold piece
  4460 | D:5      | Noticed Pikel
  4472 | D:5      | Killed Pikel
  4666 | D:5      | Noticed Menkaure
  4919 | D:5      | Killed Menkaure
  4920 | D:5      | Gained mutation: You have hoof-like feet. [demonic
                  | ancestry]
  4920 | D:5      | Reached XP level 9. HP: 71/71 MP: 11/11
  4992 | D:5      | Reached skill level 5 in Long Blades
  5568 | D:6      | Noticed a troll
  5576 | D:6      | Killed a troll
  5577 | D:6      | Reached skill level 4 in Invocations
  5806 | D:6      | Identified the +2 leather armour of Ru's Supremacy {+Inv
                  | rN+ Str+4 Slay+3}
  5849 | D:6      | Reached skill level 5 in Invocations
  5924 | D:6      | Found a basalt altar of Yredelemnul.
  5931 | D:6      | Found a sparkling altar of Nemelex Xobeh.
  5933 | D:6      | Found a radiant altar of Vehumet.
  5933 | D:6      | Found a shimmering blue altar of Sif Muna.
  5933 | D:6      | Found a bloodstained altar of Trog.
  5933 | D:6      | Found a shadowy altar of Dithmenos.
  5933 | D:6      | Found a blossoming altar of Fedhas.
  5939 | D:6      | Found a burning altar of Makhleb.
  5941 | D:6      | Found an ancient bone altar of Kikubaaqudgha.
  5942 | D:6      | Found an opulent altar of Gozag.
  5943 | D:6      | Found a hide-covered altar of Uskayaw.
  6396 | D:7      | Reached **** piety under Lugonu
  6399 | D:7      | Noticed Harold
  6406 | D:7      | Killed Harold
  6407 | D:7      | Reached skill level 5 in Armour
  6426 | D:7      | Reached skill level 6 in Invocations
  6798 | D:7      | Gained mutation: Your movements are slightly less
                  | encumbered by armour. (ER -2) [demonic ancestry]
  6798 | D:7      | Reached XP level 10. HP: 74/79 MP: 14/14
  6961 | D:7      | Identified the +0 leather armour of Untruth {rPois Will+
                  | Int-4 Dex+4}
  7378 | D:8      | Noticed Erica
  7391 | D:8      | Killed Erica
  7540 | D:8      | Found the +6 arbalest "Damnation" {damnation}
  7623 | D:8      | Reached skill level 1 in Crossbows
  7649 | D:8      | Reached skill level 7 in Invocations
  7784 | D:8      | Found Quriorghy's Jewellery Shop.
  7804 | D:8      | Bought a +4 ring of protection for 360 gold pieces
  7819 | D:8      | Noticed Grum
  7827 | D:8      | Killed Grum
  8240 | D:8      | Noticed a two-headed ogre
  8245 | D:8      | Corrupted D:8
  8245 | D:8      | Noticed a smoke demon
  8245 | D:8      | Noticed a large abomination
  8245 | D:8      | Noticed an orange demon
  8245 | D:8      | Noticed a will-o-the-wisp
  8245 | D:8      | Noticed a tentacled starspawn
  8245 | D:8      | Noticed a large abomination
  8245 | D:8      | Noticed a thrashing horror
  8246 | D:8      | Noticed a tentacled starspawn
  8246 | D:8      | Noticed a starcursed mass
  8248 | D:8      | Killed a two-headed ogre
  8260 | D:8      | Noticed a thrashing horror
  8273 | D:8      | Noticed a death knight
  8278 | D:8      | Noticed a starcursed mass
  8591 | D:9      | Found a staircase to the Orcish Mines.
  8591 | D:9      | Noticed a fire dragon
  8592 | D:9      | Found a staircase to the Lair.
  8596 | D:9      | Banished a fire dragon
  8769 | D:9      | Reached XP level 11. HP: 85/85 MP: 16/16
  9244 | D:9      | Found a runed translucent door.
  9244 | D:9      | Noticed dolemite99's ghost (novice DrEE)
  9255 | D:9      | Killed dolemite99's ghost
  9256 | D:9      | Reached skill level 5 in Crossbows
  9594 | D:10     | Entered Level 10 of the Dungeon
  9635 | D:10     | Noticed Maurice
  9644 | D:10     | Killed Maurice
  9716 | D:10     | Found a flagged portal.
  9732 | Bailey   | Entered a bailey
  9737 | Bailey   | Noticed an orc warlord
  9766 | Bailey   | Noticed an orc knight
  9769 | Bailey   | Killed an orc knight
  9802 | Bailey   | Found a runed translucent gate.
  9803 | Bailey   | Found a runed translucent gate.
  9817 | Bailey   | Found a runed translucent gate.
  9909 | Bailey   | Killed an orc warlord
  9937 | Bailey   | Identified the amulet "Huanoatt" {Fragile rElec Regen+
                  | Dex+4}
  9948 | Bailey   | Identified the +7 morningstar of Courage {drain, Str+4
                  | Stlth+}
  9956 | Bailey   | Acquired the +0 helmet of the Orange {-Cast +Blink rElec
                  | Dex+2}
 10187 | D:10     | You fall into a shaft and drop 2 floors!
 10518 | Lair:1   | Entered Level 1 of the Lair of Beasts
 10523 | Lair:1   | Noticed a five-headed hydra
 10526 | Lair:1   | Killed a five-headed hydra
 10653 | Lair:1   | Corrupted Lair:1
 10653 | Lair:1   | Noticed a cacodemon
 10653 | Lair:1   | Noticed a thrashing horror
 10653 | Lair:1   | Noticed a bone dragon
 10653 | Lair:1   | Noticed a blizzard demon
 10653 | Lair:1   | Noticed a tentacled starspawn
 11344 | Lair:2   | Found a staircase to the Shoals.
 11537 | Lair:2   | Gained mutation: You regenerate a lot of health from kills.
                  | [demonic ancestry]
 11537 | Lair:2   | Reached XP level 12. HP: 94/94 MP: 17/17
 11695 | Lair:2   | Reached skill level 5 in Dodging
 11713 | Lair:2   | Noticed Sonja
 11714 | Lair:2   | Banished Sonja
 11720 | Lair:2   | Noticed a six-headed hydra
 11727 | Lair:2   | Killed a six-headed hydra
 12569 | Lair:3   | Reached skill level 8 in Invocations
 12814 | Lair:4   | Found a staircase to the Snake Pit.
 12947 | Lair:4   | Reached skill level 10 in Fighting
 12987 | Lair:4   | Noticed Nessos
 12990 | Lair:4   | Killed Nessos
 12991 | Lair:4   | Reached skill level 9 in Invocations
 13474 | Lair:5   | Found a staircase to the Slime Pits.
 13475 | Lair:5   | Found a viscous altar of Jiyva.
 13711 | Lair:5   | Reached skill level 10 in Invocations
 13715 | Lair:5   | Reached ***** piety under Lugonu
 13717 | Lair:5   | Gained mutation: Your movements are less encumbered by
                  | armour. (ER -4) [demonic ancestry]
 13717 | Lair:5   | Reached XP level 13. HP: 103/103 MP: 20/20
 13868 | Lair:5   | Noticed Josephine
 13876 | Lair:5   | Killed Josephine
 13934 | Lair:5   | Reached skill level 11 in Invocations
 14056 | Lair:5   | Noticed Snorg
 14058 | Lair:5   | Killed Snorg
 14238 | Lair:6   | Entered Level 6 of the Lair of Beasts
 14294 | Lair:6   | Reached skill level 10 in Crossbows
 14294 | Lair:6   | Reached skill level 12 in Invocations
 14370 | Lair:5   | Acquired 787 gold pieces
 14495 | Orc:1    | Entered Level 1 of the Orcish Mines
 15106 | Orc:2    | Entered Level 2 of the Orcish Mines
 15227 | Orc:2    | Found a staircase to the Elven Halls.
 15316 | Orc:2    | Noticed an ettin
 15327 | Orc:2    | Killed an ettin
 15447 | Orc:2    | Paralysed by an orc sorcerer for 4 turns
 15450 | Orc:2    | HP: 2/98 [chaos spawn[an orc sorcerer] (9)]
 15450 | Orc:2    | Mangled by a chaos spawn

Illustrated notes

Levels and vault maps discovered:
D:1:      dpeg_arrival_long_road, layout_basic,
          dreamdust_ecumenical_altar_hidden_monk_grotto, hangedman_glass_teeth,
          minmay_pentomino_x4
D:2:      layout_basic, uniq_natasha
D:3:      layout_loops_ring
D:4:      layout_basic, minmay_temple_entry_enclosed_plants
D:5:      layout_loops_ring, serial_co_window_serial, co_window_paths_b,
          co_window_corner_a, co_window_paths_a, co_window_of_opportunity_a,
          co_window_corner_a, co_window_cross_2, co_window_of_opportunity_c,
          co_window_2corner, glass_columns_a, glass_columns_b, glass_columns_a,
          glass_columns_b, glass_columns_c, minmay_shop_damaged,
          wad_rectangle_vault, uniq_edmund, uniq_pikel, uniq_menkaure
D:6:      layout_loops_ring, minitemple
D:7:      layout_rooms, uniq_harold
D:8:      kennysheep_ambush_hall, layout_gridville, serial_shops,
          nicolae_shop_statue_plus, uniq_grum, uniq_erica
D:9:      layout_irregular_city, minmay_lair_entry_lava, orc_0_dummy,
          ebering_ghost_inner_flame, chequers_serial_rivers_micro_d,
          nrook_campfire
D:10:     layout_basic, enter_bailey_2, uniq_maurice
D:11:     layout_gridville, bloody_makhleb
D:12:     layout_gridville
Lair:1:   layout_chaotic_city, grunt_megastairs_2
Lair:2:   layout_chaotic_city, shoals_dummy_entry, beast_lair_carwin_10,
          infiniplex_staircase_pool, serial_bayou_shore_a, grunt_megastairs_5,
          serial_bayou_shore_b, serial_bayou_shore_b, uniq_sonja
Lair:3:   layout_hall_layers, nicolae_lair_grove_arrangements,
          fungi_pond_lemuel, chequers_serial_rivers_micro_e
Lair:4:   layout_gridlike, guppyfry_snake_entry_garden, uniq_nessos
Lair:5:   layout_concentric_octagons, slime_altar_1, uniq_snorg, uniq_josephine
Lair:6:   grunt_lair_end_beastmaster, layout_regular_city, st_stairs_11
Orc:1:    layout_caves
Orc:2:    st_orc_mages, layout_caves

Skill      XL: |  1  2  3  4  5  6  7  8  9 10 11 12 13 |
---------------+----------------------------------------+-----
Dodging        | 1 2 4 5 |  5.8
Long Blades    | 2 4 5 7 8 9 |  9.4
Armour         | 2 5 6 7 8 |  8.0
Invocations    | 3 6 7 10 12 | 12.0
Maces & Flails | 1 2 |  2.0
Short Blades   | 1 3 4 6 7 |  7.2
Fighting       | 5 6 7 8 10 | 10.5
Crossbows      | 4 6 9 10 | 10.0

Action                   |  1- 3 |  4- 6 |  7- 9 | 10-12 | 13-15 || total
-------------------------+-------+-------+-------+-------+-------++-------
Melee: Falchion          |    39 |       |       |       |       ||    39
       Mace              |    62 |       |       |       |       ||    62
       Short sword       |    28 |   110 |   124 |     7 |       ||   269
       Kick              |       |    20 |    58 |    42 |    37 ||   157
       Punch             |       |     2 |     4 |       |       ||     6
       Triple sword      |       |       |    33 |       |       ||    33
       Great sword       |       |       |    44 |   132 |   149 ||   325
 Fire: Arbalest          |       |       |       |   171 |    27 ||   198
Throw: Javelin           |       |     8 |    26 |     1 |       ||    35
       Throwing net      |       |       |     1 |       |       ||     1
Invok: Bend Space        |       |       |       |    17 |     3 ||    20
       Banish            |       |       |       |     4 |       ||     4
       Corrupt           |       |       |       |     2 |       ||     2
Evoke: Wand              |       |     2 |    11 |       |     4 ||    17
  Use: Scroll            |       |     1 |     9 |    10 |     5 ||    25
       Potion            |       |       |     1 |     2 |       ||     3
 Stab: Sleeping          |     1 |       |       |       |       ||     1
Armor: Leather armour    |    54 |     1 |    22 |   101 |   127 ||   305
       Chain mail        |       |    29 |    55 |       |       ||    84
Dodge: Dodged            |    83 |    23 |    54 |   109 |   133 ||   402
Block: Other             |       |     5 |    35 |    43 |       ||    83
       Reflection        |       |     2 |       |     1 |       ||     3
